 Dungeon Crawl Stone Soup version 0.32-a0-418-g34023cf50c (webtiles) character file.

Game seed: 4815637412071574982

540 bpsoldier the Covered (level 7, -12/60 HPs)
             Began as a Mountain Dwarf Fighter on Feb 21, 2024.
             Was an Initiate of Kikubaaqudgha.
             Killed from afar by an acid dragon (24 damage)
             ... with a splash of acid
             ... on level 4 of the Dungeon.
             The game lasted 00:44:30 (3829 turns).

bpsoldier the Covered (Mountain Dwarf Fighter)      Turns: 3829, Time: 00:44:31

Health: -12/60     AC:  2    Str: 21    XL:     7   Next: 5%
Magic:  7/7        EV: 10    Int:  8    God:    Kikubaaqudgha [......]
Gold:   249        SH:  4    Dex:  9    Spells: 6/6 levels left

rFire   + . .        e - +1 whip (elec)
rCold   + . .        c - +0 buckler
rNeg    . . .        r - +0 ring mail {rPois}
rPois   +            (helmet currently unavailable)
rElec   .            (cloak currently unavailable)
rCorr   .            (gloves currently unavailable)
SInv    .            (boots currently unavailable)
Will    .....        (no amulet) Stlth
                     k - ring of protection from cold
HPRegen 0.30/turn    p - ring of protection from fire
MPRegen 0.10/turn

%: no passive effects
@: beast-form, corroded
A: beast (slay +0), runic magic, artefact enchanting
a: Begin Untransformation, Renounce Religion


You were on level 4 of the Dungeon.
You worshipped Kikubaaqudgha.
Kikubaaqudgha was noncommittal.
You were a hulking beast.
You visited 1 branch of the dungeon, and saw 4 of its levels.

You collected 249 gold pieces.

Inventory:

Hand Weapons
 a - a +0 war axe of draining
 e - a +1 whip of electrocution (weapon)
 o - the +2 long sword of Disaster {pain, rCorr Int+3 Stlth-}
   (You found it on level 3 of the Dungeon)

   Int+3:     It affects your intelligence (+3).
   rCorr:     It protects you from acid and corrosion.
   Stlth-:    It makes you less stealthy.
Missiles
 f - 61 stones (quivered)
 j - 2 throwing nets
 x - 3 large rocks
Armour
 b - a +1 scale mail
 c - a +0 buckler (worn)
 n - a +0 ring mail
 r - a +0 ring mail of poison resistance (worn)
Jewellery
 i - a ring of protection from cold
 k - a ring of protection from cold (left hand)
 p - a ring of protection from fire (right hand)
 t - a ring of magical power
 y - a ring of poison resistance
Talismans
 h - a beast talisman (active)
Scrolls
 g - a scroll of enchant weapon {unknown}
 l - a scroll of identify
 q - 2 scrolls of fog {unknown}
 s - 3 scrolls of teleportation {unknown}
 u - a scroll of noise {unknown}
 z - a scroll of immolation
 B - a scroll of vulnerability {unknown}
Potions
 d - a potion of might
 m - 2 potions of cancellation {unknown}
 v - 2 potions of curing {unknown}
 w - a potion of brilliance {unknown}
 A - a potion of enlightenment {unknown}
 C - a potion of haste {unknown}


   Skills:
 + Level 4.3 Fighting
 + Level 1.1 Long Blades
 + Level 4.2(4.7) Axes
 + Level 3.0(4.1) Maces & Flails
 + Level 5.0 Armour
 + Level 1.2 Dodging
 + Level 4.3 Shields
 + Level 1.7 Shapeshifting


You had 6 spell levels left.
You didn't know any spells.
Your spell library contained the following spells:

 Spells                   Type           Power      Damage    Failure   Level
 Slow                     Hex            0%         N/A       52%         1
 Confusing Touch          Hex            0%         N/A       87%         3
 Sigil of Binding         Hex            0%         N/A       87%         3
 Tukima's Dance           Hex            0%         N/A       87%         3
 Vampiric Draining        Necr           0%         2d6       87%         3
 Passage of Golubria      Tloc           0%         N/A       99%         4
 Yara's Violent Unravell  Hex/Alch       0%         3d3       100%        5


Dungeon Overview and Level Annotations

Branches:
Dungeon (4/15)
 Temple: D:4-7

Altars:
Kikubaaqudgha

Shops:
D:2 *   D:4 =

Annotations:
D:4 ballabu's ghost, amateur DsGl


Innate Abilities, Weirdness & Mutations

You are a hulking beast.
Your limbs bulge with bestial killing power. (Slay +0)
Your spellcasting is much less encumbered by armour.
You can use scrolls of enchantment on lesser artefacts.


Message History

The ball python bites you. The ball python completely misses you.
The ball python misses you. The ball python barely misses you.
You whack the ball python!
Lightning courses through the ball python!!
You kill the ball python!
Kikubaaqudgha accepts your kill.
You now have 235 gold pieces (gained 13).
C - a glowing green potion You see here a +0 mace.
As you open the large door, it creaks loudly!
There is a large open door here.
Found a hand axe.
You see here a +0 hand axe.
There is an open door here.
There is an open door here.
There is a stone staircase leading up here.
You now have 249 gold pieces (gained 14).
f - 61 stones (gained 7)
Found a runed translucent door.
Found a phial of floods.
The acid dragon roars!
Found a scroll of immolation.
m - 2 red potions (gained 1)
You open the door. You barely miss the acid dragon.
The acid dragon barely misses you. x2
You completely miss the acid dragon. The acid dragon spits acid at you.
The splash of acid hits you!! The acid corrodes you!
You hit the acid dragon but do no damage.
The acid dragon misses you. The acid dragon barely misses you.
You hit the acid dragon but do no damage.
The acid dragon bites you! You block the acid dragon's attack.
You closely miss the acid dragon. The acid dragon bites you!
* * * LOW HITPOINT WARNING * * *
The acid dragon barely misses you. You block the acid dragon's attack.
The acid dragon closely misses you. The acid dragon spits acid at you.
The splash of acid hits you!!
You die...
Kikubaaqudgha rasps: You have failed me!
Welcome... death!

.# #.# #.# #.# ##...
.###.###.# #.# ##'#
.........# #.# #.#
####.##### ######
#.# ## #)# ##..#§§
##.# .# #)# #...W§§
##<.. .# #)# #..D#§§
#.... .###.#
#.#.########## ##...
.....#
#..h#........# ##.#
######
###.####.###.#######
#.# #.# #........
#.####.# #########
#......# ########


You could see an acid dragon (catching breath) and ballabu's ghost.

Vanquished Creatures
  A black bear (D:4)
  2 bombardier beetles (D:4)
  A jelly (D:2)
  A hound (D:4)
  2 iguanas (D:4)
  2 orc wizards
  A hound zombie (D:2)
  A hound skeleton (D:2)
  3 adders
  A gnoll (D:1)
  4 dart slugs
  2 ribbon worms (D:2)
  7 orcs
  6 ball pythons
  2 bat skeletons (D:2)
  A bat zombie (D:2)
  9 endoplasms
  4 giant cockroaches
  2 goblins
  6 hobgoblins
  2 jackals (D:2)
  4 quokkas
  A ball python skeleton (D:2)
  8 bats
  2 frilled lizards
  7 kobolds
  6 rats
88 creatures vanquished.

Notes
Turn   | Place    | Note
-------+----------+-------------------------------------------
     0 | D:1      | bpsoldier the Mountain Dwarf Fighter began the quest for
                  | the Orb.
     0 | D:1      | Reached XP level 1. HP: 19/19 MP: 1/1
   161 | D:1      | Reached XP level 2. HP: 26/26 MP: 2/2
   278 | D:1      | Reached XP level 3. HP: 33/33 MP: 3/3
   917 | D:2      | Reached XP level 4. HP: 40/40 MP: 4/4
  1028 | D:2      | Reached skill level 1 in Maces & Flails
  1030 | D:2      | Reached skill level 4 in Armour
  1051 | D:2      | Found Zynim's Assorted Antiques.
  1362 | D:2      | Reached XP level 5. HP: 46/46 MP: 5/5
  1432 | D:2      | Reached skill level 1 in Dodging
  2128 | D:3      | Identified the +2 long sword of Disaster {pain, rCorr Int+3
                  | Stlth-}
  2553 | D:4      | HP: 1/46 [iguana (6)]
  2555 | D:4      | Reached XP level 6. HP: 1/52 MP: 6/6
  2791 | D:4      | Found an ancient bone altar of Kikubaaqudgha.
  2815 | D:4      | Became a worshipper of Kikubaaqudgha
  2825 | D:4      | Reached skill level 1 in Long Blades
  3210 | D:4      | Found Jupin's Jewellery Emporium.
  3255 | D:4      | Reached skill level 1 in Shapeshifting
  3411 | D:4      | Reached skill level 5 in Armour
  3516 | D:4      | Reached XP level 7. HP: 60/60 MP: 7/7
  3811 | D:4      | Found a runed translucent door.
  3815 | D:4      | Noticed ballabu's ghost (amateur DsGl)
  3829 | D:4      | Killed from afar by an acid dragon

Illustrated notes

Levels and vault maps discovered:
D:1:      wander_arrival_estate, layout_rooms, hangedman_decor_growths
D:2:      layout_basic, serial_undead, serial_undead_f, serial_undead_c,
          serial_undead_e, serial_undead_a, serial_undead_b, serial_undead_a,
          serial_undead_c, serial_undead_e, serial_shops, shop,
          minmay_fractal_squares_gapless_5
D:3:      layout_basic, eino_tiny_chamber
D:4:      layout_loops_corners, overflow_temple_1_default, serial_shops,
          nicolae_shop_waterfront, ebering_ghost_inner_flame,
          kennysheep_generic_room_6

Skill      XL: |  1  2  3  4  5  6 |
---------------+-------------------+-----
Fighting       | 4 |  4.3
Axes           | 3 4 |  4.2
Shields        | 4 |  4.3
Maces & Flails | 1 2 3 |  3.0
Armour         | 4 5 |  5.0
Dodging        | 1 |  1.2
Long Blades    | 1 |  1.1
Shapeshifting  | 1 |  1.7

Action                     |  1- 3 |  4- 6 |  7- 9 || total
---------------------------+-------+-------+-------++-------
  Melee: War axe           |     4 |    71 |       ||    75
         Whip              |    58 |   132 |     6 ||   196
         Club              |    10 |       |       ||    10
         Long sword        |       |    31 |       ||    31
  Throw: Stone             |     2 |     2 |       ||     4
    Use: Scroll            |     2 |     4 |       ||     6
         Potion            |     1 |       |       ||     1
 Armour: Scale mail        |    29 |   149 |       ||   178
         Ring mail         |       |    47 |     5 ||    52
  Dodge: Dodged            |    30 |   147 |     9 ||   186
  Block: Buckler           |    15 |    30 |     2 ||    47
   Form: Beast             |       |     1 |       ||     1

Table legend: (Time is in decaauts)
 A = Elapsed time spent in this place.
 B = Non-inter-level travel time spent in this place.
 C = Inter-level travel time spent in this place.
 D = Time resting spent in this place.
 E = Time spent auto-exploring this place.
 F = Levels seen in this place.
 G = Mean time per level.
                   A        B        C        D        E       F      G
               +--------+--------+--------+--------+--------+-----+--------+
         Total |   3858 |   2910 |    948 |    596 |   1001 |   4 |  964.5 |
       Dungeon |   3858 |   2910 |    948 |    596 |   1001 |   4 |  964.5 |
               +--------+--------+--------+--------+--------+-----+--------+

Top non-repeatable levels by time:
     D:4: 1296 daAuts
     D:3: 882 daAuts
     D:2: 846 daAuts
     D:1: 833 daAuts
